 Dungeon Crawl Stone Soup version 0.31-a0-229-g1fc7ce93e2 (webtiles) character file.

Game seed: 4431475701849017423

451 bmack86 the Cleaver (level 6, -4/51 HPs)
             Began as a Minotaur Fighter on July 7, 2023.
             Slain by a gnoll
             ... wielding a +0 halberd
             ... led by a gnoll bouda
              (5 damage)
             ... on level 4 of the Dungeon.
             The game lasted 00:07:57 (3116 turns).

bmack86 the Cleaver (Minotaur Fighter)              Turns: 3116, Time: 00:07:57

Health: -4/51      AC: 10    Str: 22    XL:     6   Next: 75%
Magic:  5/5        EV:  8    Int:  5    God:
Gold:   137        SH:  9    Dex: 10    Spells: 5/5 levels left

rFire   . . .        a - +0 war axe
rCold   . . .        c - +0 buckler
rNeg    . . .        e - +0 chain mail
rPois   .            (helmet restricted)
rElec   .            l - +0 cloak
rCorr   .            (no gloves)
SInv    .            (no boots)
Will    .....        s - amulet of reflection Stlth
                     (no ring)
HPRegen 0.28/turn    (no ring)
MPRegen 0.09/turn

%: reflection
@: no status effects
A: horns 2, retaliatory headbutt
a: no special abilities


You were on level 4 of the Dungeon.
You visited 1 branch of the dungeon, and saw 4 of its levels.

You collected 137 gold pieces.

Inventory:

Hand Weapons
 a - a +0 war axe (weapon)
 p - a +0 broad axe
Missiles
 k - 4 boomerangs (quivered)
 r - 4 poisoned darts
Armour
 b - a +0 scale mail
 c - a +0 buckler (worn)
 e - a +0 chain mail (worn)
 l - a +0 cloak (worn)
Jewellery
 o - a ring of fire
 s - an amulet of reflection (around neck)
Scrolls
 n - 2 scrolls of identify {unknown}
 q - a scroll of enchant armour {unknown}
 t - a scroll of teleportation {unknown}
Potions
 d - 2 potions of might
 f - a potion of enlightenment {unknown}
 g - a potion of attraction {unknown}
 h - a potion of berserk rage {unknown}
 i - a potion of curing {unknown}
 j - 2 potions of haste {unknown}
 m - a potion of resistance {unknown}


   Skills:
 - Level 3.6 Fighting
 + Level 8.8 Axes
 - Level 3.6 Armour
 - Level 3.6 Shields


You had 5 spell levels left.
You didn't know any spells.
Your spell library was empty.

Dungeon Overview and Level Annotations

Branches:
Dungeon (4/15)
 Temple: D:4-7

Altars:
Sif Muna
Wu Jian
Xom


Innate Abilities, Weirdness & Mutations

You have a pair of horns on your head.
You reflexively headbutt those who attack you in melee.


Message History

A gnoll comes into view. It is wielding a +0 club.
A ball python comes into view.
The gnoll hits you with a +0 halberd. You block the gnoll's attack.
A hobgoblin comes into view.
You hit the gnoll.
The gnoll is moderately wounded.
You completely miss the gnoll. You closely miss the gnoll bouda.
The gnoll barely misses you. You block the gnoll's attack.
You barely miss the gnoll.
The gnoll is moderately wounded.
You hit the gnoll. You closely miss the gnoll bouda.
You hit the gnoll but do no damage. The gnoll hits you with a +0 halberd!
You block the gnoll's attack. The gnoll hits you with a +0 club.
You block the gnoll bouda's attack. The gnoll hits you but does no damage.
Unknown command.
You hit the gnoll.
The gnoll is severely wounded.
You closely miss the gnoll bouda. You closely miss the gnoll. x2
You block the gnoll's attack. x2; You block the gnoll bouda's attack.
The gnoll hits you with a +0 halberd.
Unknown command.
You barely miss the gnoll. You headbutt the gnoll.
The gnoll is almost dead.
You hit the gnoll. You barely miss the gnoll. You hit the gnoll bouda.
The gnoll hits you with a +0 club. x2; The gnoll bouda barely misses you.
The gnoll hits you with a +0 halberd.
* * * LOW HITPOINT WARNING * * *
Unknown command.
You hit the gnoll bouda but do no damage.
The gnoll bouda is lightly wounded.
You closely miss the ball python. You barely miss the gnoll. x2
You hit the gnoll.
The ball python bites you but does no damage.
You block the ball python's attack. The gnoll hits you with a +0 club.
* * * LOW HITPOINT WARNING * * *
The gnoll completely misses you.
The gnoll bouda hits you with a +0 club!
* * * LOW HITPOINT WARNING * * *
The gnoll hits you with a +0 halberd.
You die...

#.#......_..#.
#
#.#...........
#
#.'...........
#
#.#...........
#
#.####........
.>
#...####...####
.#######...#
#.....#
......S†g..#
#.....#
.....gg@...#
#.....#
......gg...#
##.....###
.....###...#
#........#
..... #...#
#........# ....
....#
#........# ...
....#
###'###'## .
....# #.# #.##
.....# #.# #.##
#.# #.##


You could see a gnoll bouda, 3 gnolls, a hobgoblin and a ball python.

Vanquished Creatures
  A black bear (D:3)
  A kobold brigand (D:4)
  A scorpion (D:3)
  An orc priest (D:4)
  An orc wizard (D:3)
  A sleepcap (D:4)
  3 gnolls (D:4)
  3 adders (D:4)
  3 worms (D:2)
  2 dart slugs
  10 orcs
  9 ball pythons
  7 bats
  7 endoplasms
  A giant cockroach (D:3)
  7 goblins
  4 hobgoblins
  4 jackals (D:3)
  8 kobolds
  4 quokkas
  3 frilled lizards
  8 rats
89 creatures vanquished.

Notes
Turn   | Place    | Note
-------+----------+-------------------------------------------
     0 | D:1      | bmack86 the Minotaur Fighter began the quest for the Orb.
     0 | D:1      | Reached XP level 1. HP: 19/19 MP: 0/0
     6 | D:1      | You fall into a shaft and drop 1 floor!
   258 | D:1      | Reached skill level 3 in Axes
   314 | D:1      | Reached XP level 2. HP: 24/26 MP: 1/1
   397 | D:1      | Reached skill level 4 in Axes
   633 | D:1      | Reached XP level 3. HP: 29/31 MP: 2/2
  1227 | D:2      | Found a faded altar of an unknown god.
  1578 | D:2      | Reached skill level 5 in Axes
  1963 | D:3      | Reached XP level 4. HP: 18/39 MP: 3/3
  2111 | D:3      | Noticed a black bear
  2118 | D:3      | Killed a black bear
  2119 | D:3      | Reached skill level 6 in Axes
  2119 | D:3      | Reached XP level 5. HP: 32/45 MP: 4/4
  2284 | D:3      | Reached skill level 7 in Axes
  2471 | D:3      | Reached XP level 6. HP: 51/51 MP: 5/5
  2739 | D:4      | Reached skill level 8 in Axes
  3096 | D:4      | Found an ornate altar of the Wu Jian Council.
  3097 | D:4      | Found a shimmering blue altar of Sif Muna.
  3098 | D:4      | Found a shimmering altar of Xom.
  3116 | D:4      | HP: 1/51 [gnoll bouda/+0 club (7)]
  3116 | D:4      | Slain by a gnoll

Illustrated notes

Levels and vault maps discovered:
D:1:      dpeg_arrival_orchard, layout_basic, st_stairs_2
D:2:      layout_basic, hellmonk_ecumenical_altar_run_dry,
          serial_co_window_serial, co_window_paths_a,
          co_window_of_opportunity_a, co_window_paths_a, co_window_paths_b,
          co_window_corner_a, co_window_corner_b, co_window_2corner,
          co_window_broadway_c, co_window_4corner_b, co_window_paths_e
D:3:      layout_loops_cross, serial_bayou_pond_d, hangedman_decor_lopped,
          minivault_19
D:4:      layout_basic, chequers_temple_overflow_minitemple,
          chequers_temple_overflow_statue_of_worship

Skill      XL: |  1  2  3  4  5  6 |
---------------+-------------------+-----
Axes           | 3 4 5 6 7 8 |  8.8
Fighting       | |  3.6
Armour         | |  3.6
Shields        | |  3.6

Action                     |  1- 3 |  4- 6 || total
---------------------------+-------+-------++-------
  Melee: War axe           |   101 |    88 ||   189
         Headbutt          |    11 |    15 ||    26
  Throw: Boomerang         |       |     5 ||     5
 Armour: Scale mail        |    45 |       ||    45
         Chain mail        |    21 |    38 ||    59
  Dodge: Dodged            |    50 |    38 ||    88
  Block: Buckler           |    26 |    39 ||    65

Table legend: (Time is in decaauts)
 A = Elapsed time spent in this place.
 B = Non-inter-level travel time spent in this place.
 C = Inter-level travel time spent in this place.
 D = Time resting spent in this place.
 E = Time spent auto-exploring this place.
 F = Levels seen in this place.
 G = Mean time per level.
                   A        B        C        D        E       F      G
               +--------+--------+--------+--------+--------+-----+--------+
         Total |   3162 |   3107 |     55 |      0 |   2123 |   4 |  790.5 |
       Dungeon |   3162 |   3107 |     55 |      0 |   2123 |   4 |  790.5 |
               +--------+--------+--------+--------+--------+-----+--------+

Top non-repeatable levels by time:
     D:2: 1330 daAuts
     D:3: 736 daAuts
     D:1: 650 daAuts
     D:4: 445 daAuts
